SR
FRANKLIN FIRE @ MOOSE JAW CANUCKS
08/29/2034
 
TOP OF THE 1ST
Franklin Fire batting - Pitching for Moose Jaw Canucks : RHP Billy Threepwood
Pitching: RHP Billy Threepwood
Batting: LHB Rick Newell 0-0: Foul Ball, location: 2F
0-1: Ball
1-1: SINGLE (Groundball, 4MD)
Batting: RHB Richard Theunen 0-0: Foul Ball, location: 2F
0-1: SINGLE (Flyball, 89M)
Rick Newell to second
Runner from 2nd tries for 3rd, SAFE, no throw
Batting: LHB Ánibal Leobardo 0-0: Foul Ball, location: 2F
0-1: Called Strike
0-2: Strikes out swinging
Batting: SHB Govaart Baars 0-0: Called Strike
Richard Theunen steals 2nd base
0-1: Fly out, F8 (Flyball, 8LM)
Runner from 3rd tags up, SCORES, no throw
Batting: RHB Shannon L. Alder 0-0: Called Strike
0-1: Ball
1-1: Ball
2-1: Ball
3-1: Reached on error, E7 (Flyball, 7)
Richard Theunen scores
Batting: LHB Kent Maxwell 0-0: Foul Ball, location: 2F
0-1: Ball
1-1: Called Strike
1-2: Strikes out swinging
Top of the 1st over - 2 runs, 2 hits, 1 error, 1 left on base; Franklin 2 - Moose Jaw 0
BOTTOM OF THE 1ST
Moose Jaw Canucks batting - Pitching for Franklin Fire : LHP Tim Wallace
Pitching: LHP Tim Wallace
Batting: LHB John Castro 0-0: Called Strike
0-1: Swinging Strike
0-2: Ball
1-2: Strikes out swinging
Batting: SHB Millard Guzowski 0-0: Foul Ball, location: 2F
0-1: Foul Ball, location: 2F
0-2: Ball
1-2: SINGLE (Flyball, 9S)
Batting: RHB Peer Kattenberg 0-0: Ball
1-0: Called Strike
1-1: Ball
2-1: Ground out U3 (Groundball, 3)
Millard Guzowski to second
Batting: RHB Gary Bruce 0-0: Called Strike
0-1: Ball
1-1: Ball
2-1: Fly out, F3 (Popup, 3DF)
Bottom of the 1st over - 0 runs, 1 hit, 0 errors, 1 left on base; Franklin 2 - Moose Jaw 0
TOP OF THE 2ND
Franklin Fire batting - Pitching for Moose Jaw Canucks : RHP Billy Threepwood
Batting: LHB Ling-lai Ding 0-0: Ground out 4-3 (Groundball, 34D)
Batting: LHB Tareef Ashraf 0-0: Ball
1-0: Called Strike
1-1: SINGLE (Groundball, 6MD)
Batting: RHB Rubén Plumey 0-0: Fly out, F5 (Popup, 5F)
Batting: LHB Rick Newell 0-0: Ball
1-0: Called Strike
1-1: Ball
2-1: Ground out 4-3 (Groundball, 34)
Top of the 2nd over - 0 runs, 1 hit, 0 errors, 1 left on base; Franklin 2 - Moose Jaw 0
BOTTOM OF THE 2ND
Moose Jaw Canucks batting - Pitching for Franklin Fire : LHP Tim Wallace
Batting: LHB Bryan Decker 0-0: Fly out, F7 (Flyball, 78S)
Batting: RHB Bernardo Rodríguez 0-0: Ball
1-0: Foul Ball, location: 2F
1-1: Foul Ball, location: 2F
1-2: Foul Ball, location: 2F
1-2: Ball
2-2: Fly out, F7 (Line Drive, 7S)
Batting: LHB Iván Rivera 0-0: Ground out 1-3 (Groundball, 13)
Bottom of the 2nd over - 0 runs, 0 hits, 0 errors, 0 left on base; Franklin 2 - Moose Jaw 0
TOP OF THE 3RD
Franklin Fire batting - Pitching for Moose Jaw Canucks : RHP Billy Threepwood
Batting: RHB Richard Theunen 0-0: Called Strike
0-1: Ball
1-1: Ball
2-1: SINGLE (Groundball, 5D)
Batting: LHB Ánibal Leobardo 0-0: Swinging Strike
0-1: Called Strike
0-2: Strikes out swinging
Batting: SHB Govaart Baars 0-0: Called Strike
0-1: Ball
1-1: Called Strike
1-2: Ball
2-2: Ball
3-2: Strikes out looking
Batting: RHB Shannon L. Alder 0-0: Called Strike
Richard Theunen steals 2nd base
0-1: Ball
1-1: Foul Ball, location: 2F
1-2: Ball
2-2: Reached on error, E5 (Groundball, 25)
Richard Theunen to third
Batting: LHB Kent Maxwell 0-0: Ground out 5-3 (Groundball, 56S)
Top of the 3rd over - 0 runs, 1 hit, 1 error, 2 left on base; Franklin 2 - Moose Jaw 0
BOTTOM OF THE 3RD
Moose Jaw Canucks batting - Pitching for Franklin Fire : LHP Tim Wallace
Batting: RHB Reynaldo Suárez 0-0: Called Strike
0-1: Ground out 1-3 (Groundball, 13)
Batting: RHB Rafael Mastache 0-0: Called Strike
0-1: Ball
1-1: Swinging Strike
1-2: Strikes out swinging
Batting: LHB John Castro 0-0: Ball
1-0: Foul Ball, location: 2F
1-1: Foul Ball, location: 2F
1-2: Ball
2-2: SINGLE (Groundball, 6) (infield hit)
Batting: SHB Millard Guzowski 0-0: Ball
1-0: Ball
2-0: SINGLE (Groundball, 56D)
John Castro to second
Batting: RHB Peer Kattenberg 0-0: Ball
1-0: Ball
2-0: Fly out, F9 (Flyball, 9D)
Bottom of the 3rd over - 0 runs, 2 hits, 0 errors, 2 left on base; Franklin 2 - Moose Jaw 0
TOP OF THE 4TH
Franklin Fire batting - Pitching for Moose Jaw Canucks : RHP Billy Threepwood
Batting: LHB Ling-lai Ding 0-0: Called Strike
0-1: Ball
1-1: Ball
2-1: Ball
3-1: Foul Ball, location: 2F
3-2: Strikes out swinging
Batting: LHB Tareef Ashraf 0-0: Fly out, F8 (Flyball, 8LM)
Batting: RHB Rubén Plumey 0-0: Foul Ball, location: 2F
0-1: Fly out, F4 (Popup, 4D)
Top of the 4th over - 0 runs, 0 hits, 0 errors, 0 left on base; Franklin 2 - Moose Jaw 0
BOTTOM OF THE 4TH
Moose Jaw Canucks batting - Pitching for Franklin Fire : LHP Tim Wallace
Batting: RHB Gary Bruce 0-0: SINGLE (Groundball, 34D)
Batting: LHB Bryan Decker Pickoff Throw to First - Error! E1
Gary Bruce to second
0-0: Called Strike
0-1: Ball
1-1: Ball
2-1: Foul Ball, location: 2F
2-2: Ball
3-2: Foul Ball, location: 2F
3-2: Base on Balls
Batting: RHB Bernardo Rodríguez 0-0: Ball
1-0: Ball
2-0: Called Strike
2-1: SINGLE (Flyball, 7S)
Gary Bruce to third
Bryan Decker to second
Batting: LHB Iván Rivera 0-0: Fly out, F9 (Flyball, 89S)
Batting: RHB Reynaldo Suárez 0-0: Called Strike
0-1: Ball
1-1: Foul Ball, location: 2F
1-2: Foul Ball, location: 2F
1-2: Strikes out looking
Batting: RHB Rafael Mastache 0-0: Ground out 4-3 (Groundball, 4)
Bottom of the 4th over - 0 runs, 2 hits, 1 error, 3 left on base; Franklin 2 - Moose Jaw 0
TOP OF THE 5TH
Franklin Fire batting - Pitching for Moose Jaw Canucks : RHP Billy Threepwood
Batting: LHB Rick Newell 0-0: Foul Ball, location: 2F
0-1: Swinging Strike
0-2: Ground out 4-3 (Groundball, 34)
Batting: RHB Richard Theunen 0-0: Ball
1-0: Foul Ball, location: 2F
1-1: Fly out, F8 (Flyball, 8RS)
Batting: LHB Ánibal Leobardo 0-0: Ball
1-0: Ball
2-0: Ball
3-0: Base on Balls
Batting: SHB Govaart Baars 0-0: Ball
1-0: Fly out, F7 (Flyball, 7LSF)
Top of the 5th over - 0 runs, 0 hits, 0 errors, 1 left on base; Franklin 2 - Moose Jaw 0
BOTTOM OF THE 5TH
Moose Jaw Canucks batting - Pitching for Franklin Fire : LHP Tim Wallace
Batting: LHB John Castro 0-0: Ground out 4-3 (Groundball, 4M)
Batting: SHB Millard Guzowski 0-0: Ball
1-0: Ball
2-0: Called Strike
2-1: Ball
3-1: Fly out, F9 (Flyball, 9LSF)
Batting: RHB Peer Kattenberg 0-0: Called Strike
0-1: Fly out, F7 (Line Drive, 78D)
Bottom of the 5th over - 0 runs, 0 hits, 0 errors, 0 left on base; Franklin 2 - Moose Jaw 0
TOP OF THE 6TH
Franklin Fire batting - Pitching for Moose Jaw Canucks : RHP Billy Threepwood
Batting: RHB Shannon L. Alder 0-0: Ball
1-0: Ball
2-0: Ball
3-0: Called Strike
3-1: Foul Ball, location: 2F
3-2: Foul Ball, location: 2F
3-2: Strikes out swinging
Batting: LHB Kent Maxwell 0-0: Called Strike
0-1: Fly out, F8 (Flyball, 8LXD)
Batting: LHB Ling-lai Ding 0-0: Ball
1-0: Ball
2-0: Foul Ball, location: 2F
2-1: Fly out, F2 (Popup, 2LF)
Top of the 6th over - 0 runs, 0 hits, 0 errors, 0 left on base; Franklin 2 - Moose Jaw 0
BOTTOM OF THE 6TH
Moose Jaw Canucks batting - Pitching for Franklin Fire : LHP Tim Wallace
Batting: RHB Gary Bruce 0-0: Ball
1-0: SINGLE (Groundball, 3S) (infield hit)
Batting: LHB Bryan Decker 0-0: Ball
1-0: SINGLE (Line Drive, 56D)
Gary Bruce to second
Batting: RHB Bernardo Rodríguez 0-0: Ball
1-0: Foul Ball, location: 2F
1-1: Foul Ball, location: 2F
1-2: Grounds into double play, 4-6-3 (Groundball, 4)
Gary Bruce to third
Batting: LHB Iván Rivera 0-0: SINGLE (Groundball, 3L) (infield hit)
Gary Bruce scores
Batting: RHB Reynaldo Suárez 0-0: Fielders Choice at 2nd, 5-4 (Groundball, 56)
Bottom of the 6th over - 1 run, 3 hits, 0 errors, 1 left on base; Franklin 2 - Moose Jaw 1
TOP OF THE 7TH
Franklin Fire batting - Pitching for Moose Jaw Canucks : RHP Billy Threepwood
Batting: LHB Tareef Ashraf 0-0: Ball
1-0: Called Strike
1-1: Swinging Strike
1-2: Foul Ball, location: 2F
1-2: Ball
2-2: SOLO HOME RUN (Flyball, 9D), Distance : 368 ft
Batting: RHB Rubén Plumey 0-0: Called Strike
0-1: SINGLE (Flyball, 89S)
Batting: LHB Rick Newell 0-0: Ball
1-0: Fly out, F7 (Flyball, 78S)
Batting: RHB Richard Theunen 0-0: Ball
1-0: Ball
2-0: Foul Ball, location: 2F
2-1: Swinging Strike
2-2: Foul Ball, location: 2F
2-2: Strikes out looking
Batting: LHB Ánibal Leobardo 0-0: Ball
1-0: Foul Ball, location: 2F
1-1: Ball
Rubén Plumey steals 2nd base
2-1: Swinging Strike
2-2: Ball
3-2: Fly out, F2 (Popup, 2RF)
Top of the 7th over - 1 run, 2 hits, 0 errors, 1 left on base; Franklin 3 - Moose Jaw 1
BOTTOM OF THE 7TH
Moose Jaw Canucks batting - Pitching for Franklin Fire : LHP Tim Wallace
Batting: RHB Rafael Mastache 0-0: Called Strike
0-1: SINGLE (Line Drive, 7LS)
Batting: LHB John Castro 0-0: Fielders Choice at 2nd, 1-6 (Groundball, 13)
Batting: SHB Millard Guzowski 0-0: Fielders Choice at 2nd, 4-6 (Groundball, 34)
Batting: RHB Peer Kattenberg 0-0: Foul Ball, location: 2F
0-1: Swinging Strike
0-2: SINGLE (Line Drive, 34)
Millard Guzowski to second
Batting: RHB Gary Bruce 0-0: Called Strike
0-1: Fielders Choice at 2nd, 6-4 (Groundball, 6)
Bottom of the 7th over - 0 runs, 2 hits, 0 errors, 2 left on base; Franklin 3 - Moose Jaw 1
TOP OF THE 8TH
Franklin Fire batting - Pitching for Moose Jaw Canucks : RHP Billy Threepwood
Batting: SHB Govaart Baars 0-0: Ball
1-0: Called Strike
1-1: DOUBLE (Line Drive, 89XD)
Batting: RHB Shannon L. Alder 0-0: Called Strike
0-1: Ball
1-1: SINGLE (Flyball, 7LS)
Govaart Baars to third
Batting: LHB Kent Maxwell 0-0: Foul Ball, location: 2F
0-1: Ground out U3 (Groundball, 3)
Shannon L. Alder to second
Pitching: RHP Enrique Durán
Batting: LHB Ling-lai Ding 0-0: Ball
1-0: Called Strike
1-1: Swinging Strike
1-2: Ball
2-2: Ball
3-2: Foul Ball, location: 2F
3-2: Strikes out swinging
Batting: LHB Tareef Ashraf 0-0: Called Strike
0-1: Foul Ball, location: 2F
0-2: Ball
1-2: DOUBLE (Line Drive, 8LD)
Govaart Baars scores
Shannon L. Alder scores
Batting: RHB Rubén Plumey 0-0: Fly out, F8 (Flyball, 8RM)
Top of the 8th over - 2 runs, 3 hits, 0 errors, 1 left on base; Franklin 5 - Moose Jaw 1
BOTTOM OF THE 8TH
Moose Jaw Canucks batting - Pitching for Franklin Fire : LHP Tim Wallace
Batting: LHB Bryan Decker 0-0: Ball
1-0: Ball
2-0: Called Strike
2-1: Ball
3-1: Foul Ball, location: 2F
3-2: Ground out U3 (Groundball, 34)
Batting: RHB Bernardo Rodríguez 0-0: Ball
1-0: Ball
2-0: Swinging Strike
2-1: Ball
3-1: Called Strike
3-2: Base on Balls
Batting: LHB Iván Rivera 0-0: Called Strike
0-1: Ball
1-1: Foul Ball, location: 2F
1-2: Ball
2-2: Foul Ball, location: 2F
2-2: SINGLE (Line Drive, 7S)
Bernardo Rodríguez to second
Batting: RHB Reynaldo Suárez 0-0: Ball
1-0: Ball
2-0: Called Strike
2-1: Ball
3-1: Foul Ball, location: 2F
3-2: Foul Ball, location: 2F
3-2: Strikes out swinging
Batting: RHB Rafael Mastache 0-0: Ball
1-0: Foul Ball, location: 2F
1-1: Ball
2-1: Ball
3-1: Base on Balls
Bernardo Rodríguez to third
Iván Rivera to second
Batting: LHB John Castro 0-0: Fielders Choice at 2nd, 5-4 (Groundball, 5)
Bottom of the 8th over - 0 runs, 1 hit, 0 errors, 3 left on base; Franklin 5 - Moose Jaw 1
TOP OF THE 9TH
Franklin Fire batting - Pitching for Moose Jaw Canucks : RHP Enrique Durán
Pitching: RHP Seppe Coussement
Batting: LHB Rick Newell 0-0: Foul Ball, location: 2F
0-1: Swinging Strike
0-2: Foul Ball, location: 2F
0-2: Foul Ball, location: 2F
0-2: Ball
1-2: Strikes out swinging
Batting: RHB Richard Theunen 0-0: Fly out, F7 (Flyball, 78S)
Batting: LHB Ánibal Leobardo 0-0: Ball
1-0: Ball
2-0: Foul Ball, location: 2F
2-1: Ball
3-1: Ground out 5-3 (Groundball, 5)
Top of the 9th over - 0 runs, 0 hits, 0 errors, 0 left on base; Franklin 5 - Moose Jaw 1
BOTTOM OF THE 9TH
Moose Jaw Canucks batting - Pitching for Franklin Fire : LHP Tim Wallace
Batting: SHB Millard Guzowski 0-0: Ball
1-0: Ball
2-0: Called Strike
2-1: Swinging Strike
2-2: Strikes out swinging
Batting: RHB Peer Kattenberg 0-0: Ball
1-0: Foul Ball, location: 2F
1-1: Called Strike
1-2: Ball
2-2: Fly out, F8 (Flyball, 78D)
Batting: RHB Gary Bruce 0-0: SINGLE (Groundball, 56D)
Batting: LHB Bryan Decker 0-0: Foul Ball, location: 2F
0-1: Ball
1-1: Foul Ball, location: 2F
1-2: Foul Ball, location: 2F
1-2: Ground out 4-3 (Groundball, 4)
Bottom of the 9th over - 0 runs, 1 hit, 0 errors, 1 left on base; Franklin 5 - Moose Jaw 1
Friday, March 29th, 2019 - OOTP Baseball 18.8 Build 76